 Dungeon Crawl Stone Soup version 0.31.0-11-ge490571c62 (webtiles) character file.

Game seed: 16992774887566271737

40 qw the Shooter (level 3, -2/18 HPs)
             Began as a Spriggan Hunter on Feb 4, 2024.
             Killed by divine providence
             ... invoked by an orc priest
              (15 damage)
             ... on level 3 of the Dungeon.
             The game lasted 00:00:04 (1275 turns).

qw the Shooter (Spriggan Hunter)                    Turns: 1275, Time: 00:00:04

Health: -2/18      AC:  2    Str:  7    XL:     3   Next: 30%
Magic:  4/4        EV: 19    Int: 10    God:
Gold:   145        SH:  0    Dex: 20    Spells: 2/2 levels left

rFire   . . .        a - +0 shortbow
rCold   . . .        (shield currently unavailable)
rNeg    . . .        c - +0 robe
rPois   .            (helmet restricted)
rElec   .            (no cloak)
rCorr   .            (gloves unavailable)
SInv    +            (boots unavailable)
Will    .....        (no amulet)
Stlth   ++           (no ring)
HPRegen 0.23/turn    (no ring)
MPRegen 0.09/turn

%: no passive effects
@: very quick
A: very small, no large weapons, unfitting armour, see invisible, speed 3
a: no special abilities


You were on level 3 of the Dungeon.
You visited 1 branch of the dungeon, and saw 3 of its levels.

You collected 145 gold pieces.


Innate Abilities, Weirdness & Mutations

You are very small and have problems with some larger weapons.
You are too small for most types of armour.
You have supernaturally acute eyesight. (SInv)
You cover ground extremely quickly. (Speed+++)


   Skills:
 - Level 1.5 Fighting
 + Level 4.6 Ranged Weapons
 - Level 4.0 Dodging
 - Level 1.5 Stealth


You had 2 spell levels left.
You didn't know any spells.
Your spell library was empty.

Inventory:

Hand Weapons
 a - a +0 shortbow (weapon)
Armour
 c - a +0 robe (worn)
Scrolls
 b - a scroll of enchant armour
Potions
 d - a potion of enlightenment
 e - a potion of might {unknown}

Dungeon Overview and Level Annotations

Branches:
Dungeon (3/15)

Altars:
The Shining One


Message History

The adder closely misses you. The adder completely misses you.
You shoot an arrow. The arrow hits the adder.
You kill the adder!
You have reached level 3!
Your experience leads to an increase in your attributes!
Increase (S)trength, (I)ntelligence, or (D)exterity?
You feel agile. x2
You see here an adder corpse.
A goblin comes into view. It is wielding a +0 dagger.
You shoot an arrow. The arrow hits the goblin!
You kill the goblin!
You now have 126 gold pieces (gained 6).
Found a whip.
Found a trident.
You now have 136 gold pieces (gained 10).
An orc comes into view. It is wielding a +0 club.
Found a stone staircase leading down.
You shoot an arrow. The arrow hits the orc!
You kill the orc!
You now have 145 gold pieces (gained 9).
Things that are here:
a +0 club; a +0 leather armour
e - a red potion You open the door.
An orc priest and 3 orcs come into view.
The orc priest shouts!
The orc shouts!
The orc priest looks braver for a moment.
The orc shouts!
You shoot an arrow. The arrow hits the orc.
The orc is moderately wounded.
You shoot an arrow. The arrow barely misses the orc.
The arrow hits the orc.
The orc is heavily wounded.
The orc closely misses you.
You shoot an arrow. The arrow hits the orc.
The orc is almost dead.
The orc hits you with a +0 club.
The orc priest mumbles some strange prayers to Beogh against you.
Beogh smites you!
Ouch! That really hurt!
You die...

########
###########......#######
.>....).........@oooo...
......#####......#######
......# #......# ......#
#......# .....)#
#......# ......#
#......# ......#
#......# ......#
#......# ......#
#......#


You could see an orc priest and 3 orcs.

Vanquished Creatures
  An adder (D:3)
  A dart slug (D:2)
  An orc (D:3)
  2 endoplasms
  2 giant cockroaches (D:1)
  3 goblins
  A hobgoblin (D:1)
  3 jackals (D:2)
  2 kobolds (D:1)
  A quokka (D:2)
  5 ball pythons
  A bat (D:2)
  2 rats
25 creatures vanquished.

Notes
Turn   | Place    | Note
-------+----------+-------------------------------------------
     0 | D:1      | qw the Spriggan Hunter began the quest for the Orb.
     0 | D:1      | Reached XP level 1. HP: 10/10 MP: 2/2
     0 | D:1      | 0 ||| qw: Version: 0.3-a-160-g6735b56
     0 | D:1      | 0 ||| qw: Game counter: 4776
     0 | D:1      | 0 ||| qw: Melee chars always use a shield: true
     0 | D:1      | 0 ||| qw: God list: Okawaru
     0 | D:1      | 0 ||| qw: Allow faded altars: false
     0 | D:1      | 0 ||| qw: Do Orc after clearing Dungeon:15 true
     0 | D:1      | 0 ||| qw: Do second Lair branch before Depths: true
     0 | D:1      | 0 ||| qw: Lair rune preference: random
     0 | D:1      | 0 ||| qw: Goals: Normal
     0 | D:1      | 0 ||| PLANNING D:1-11
    48 | D:1      | Reached skill level 3 in Dodging
   370 | D:1      | Reached XP level 2. HP: 7/14 MP: 3/3
   764 | D:1      | 764 ||| DROPPING amulet of magic regeneration.
   765 | D:1      | 765 ||| READING scroll labelled ACAMIHE KIRA.
   770 | D:1      | 770 ||| READING scroll labelled XEDAOSUOSKI.
   770 | D:1      | 770 ||| IDENTIFYING pink potion
   771 | D:1      | 771 ||| READING scroll labelled WYRUDU MAC.
   772 | D:1      | 772 ||| DROPPING scroll of butterflies.
   773 | D:1      | 773 ||| DROPPING potion of brilliance.
   868 | D:2      | Found a glowing golden altar of the Shining One.
  1188 | D:2      | 1188 ||| READING scroll of identify.
  1188 | D:2      | 1188 ||| IDENTIFYING sedimented emerald potion
  1189 | D:2      | 1189 ||| READING 2 scrolls labelled KOXZUA ROFA.
  1189 | D:2      | 1189 ||| ENCHANTING +0 shortbow.
  1190 | D:2      | 1190 ||| READING scroll labelled JEMOUZX QAYM.
  1214 | D:3      | Reached XP level 3. HP: 18/18 MP: 4/4
  1275 | D:3      | Killed from afar by an orc priest

Levels and vault maps discovered:
D:1:      dpeg_arrival_pits, layout_basic
D:2:      layout_basic, basic_altar, kennysheep_crisscross
D:3:      layout_basic, gammafunk_temple_overflow_pools, uniq_sigmund,
          uniq_crazy_yiuf_cottage

Skill      XL: |  1  2 |
---------------+-------+-----
Dodging        | 3 4 |  4.0
Fighting       | |  1.5
Ranged Weapons | |  4.6
Stealth        | |  1.5

Action                     || total
---------------------------++-------
   Fire: Shortbow          ||    73
    Use: Scroll            ||     6
 Armour: Robe              ||    18
  Dodge: Dodged            ||    69

Table legend:
 A = Non-vault XP
 B = Vault XP
 C = Vault XP percentage of total XP
 D = Non-vault monster count
 E = Vault monster count
 F = Vault count percentage of total count
                 A         B        C        D         E       F
            +---------+---------+-------+---------+---------+-------
      Total |      58 |       0 |   0.0 |      25 |       0 |   0.0
            +---------+---------+-------+---------+---------+-------
        D:1 |      18 |       0 |   0.0 |      11 |       0 |   0.0
        D:2 |      20 |       0 |   0.0 |      10 |       0 |   0.0
        D:3 |      20 |       0 |   0.0 |       4 |       0 |   0.0
            +---------+---------+-------+---------+---------+-------
